 Dungeon Crawl Stone Soup version 0.17.0-28-g6e173f8 (webtiles) character file.

53 McCoppin the Scratcher (level 3, -5/17 HPs)
             Began as a Felid Monk on Nov 24, 2015.
             Slain by an ice beast (7 damage)
             ... on level 4 of the Dungeon.
             The game lasted 00:03:19 (626 turns).

McCoppin the Scratcher (Felid Monk)                  Turns: 626, Time: 00:03:19

Health: -5/17      AC:  1    Str:  7    XL:     3   Next: 64%
Magic:  4/4        EV: 20    Int: 11    God:
Gold:   46         SH:  0    Dex: 19    Spells: 0 memorised, 2 levels left
                                        Lives:  0   Deaths: 0

rFire  . . .     SeeInvis +       - Unarmed
rCold  . . .     Clarity  .     (armour unavailable)
rNeg   . . .     SustAt   +     (shield unavailable)
rPois  .         Gourm    .     (helmet unavailable)
rElec  .         Spirit   .     (cloak unavailable)
rCorr  .         Warding  .     (gloves unavailable)
rMut   .         Stasis   .     (boots unavailable)
MR     .....                    (no amulet)
Stlth  +++.......               (no ring)
                                d - ring of sustain attributes

@: quick, not resistant to hostile enchantments, fairly stealthy
A: no armour, no weapons or thrown items, claws 1, fangs 3, see invisible,
carnivore 3, speed 1, shaggy fur 1, slow metabolism 1, sharp paws
a: no special abilities


You were on level 4 of the Dungeon.
You were full.

You visited 1 branch of the dungeon, and saw 4 of its levels.

You collected 46 gold pieces.

Inventory:

Jewellery
 d - a ring of sustain attributes (left paw)
Wands
 h - a wand of flame (28)
Scrolls
 b - a scroll of identify {unknown}
 e - 3 scrolls of remove curse
 i - a scroll of enchant weapon {unknown}
Potions
 k - a potion of haste {unknown}
Comestibles
 a - 2 meat rations
 c - a beef jerky


   Skills:
 - Level 3.0 Fighting
 - Level 4.0 Dodging
 - Level 2.6 Stealth
 + Level 5.4 Unarmed Combat


You had 2 spell levels left.
You didn't know any spells.

Dungeon Overview and Level Annotations

Branches:
Dungeon (4/15)
 Temple: D:4-7

Altars:


Innate Abilities, Weirdness & Mutations

You cannot wear armour.
You are incapable of wielding weapons or throwing items.
You have sharp claws.
You have razor-sharp teeth.
You have supernaturally acute eyesight.
You are carnivorous and can eat meat at any time.
You cover ground quickly.
You are covered in fur (AC +1).
You have a slow metabolism.
Your sharp claws are effective at attacking unaware monsters.


Message History

You hear the brisk hiss of an avalanche of sand nearby.
A centaur skeleton comes into view.
Drink which item? (? for menu, Esc to quit)
It was a potion of curing.
You feel better. The ice beast hits you. The ice beast freezes you!
Ouch! That really hurt!
* * * LOW HITPOINT WARNING * * *
Drink which item? (? for menu, Esc to quit)
Okay, then.
Read which item? (? for menu, Esc to quit)
As you read the scroll labeled RIRODU NOMN, it crumbles to dust.
You feel blessed for a moment.
It was a scroll of remove curse.
The ice beast closely misses you.
Read which item? (? for menu, Esc to quit)
As you read the scroll labeled DAEDEM HASARGHUTZ, it crumbles to dust.
You feel forgetful for a moment.
It was a scroll of amnesia.
The ice beast hits you.
* * * LOW HITPOINT WARNING * * *
The ice beast freezes you!
You die...

##
#รท....###.................###
..
#.....#Z..#.#.#.#............
....#####.#
#.........########### ....#
#.# ####.###### ..... ..# #.#
....# ### #.# #.# #Y# #@# #.#
#.# ####.# #....# ######


You could see an ice beast.

Vanquished Creatures
  3 adders (D:4)
  A worm (D:4)
  A giant gecko (D:1)
  An orc (D:4)
  5 giant cockroaches
  A hobgoblin (D:1)
  A kobold (D:1)
  A quokka (D:3)
  A bat (D:1)
  A giant gecko skeleton (D:4)
  A giant newt (D:4)
  A goblin (D:3)
  4 rats
22 creatures vanquished.

Notes
Turn   | Place    | Note
--------------------------------------------------------------
     0 | D:1      | McCoppin the Felid Monk began the quest for the Orb.
     0 | D:1      | Reached XP level 1. HP: 10/10 MP: 2/2
   117 | D:1      | Reached XP level 2. HP: 11/14 MP: 3/3
   233 | D:4      | Reached skill level 5 in Unarmed Combat
   244 | D:4      | Reached XP level 3. HP: 17/17 MP: 4/4
   299 | D:4      | Noticed a scorpion
   516 | D:4      | Noticed an ogre
   585 | D:4      | Noticed an ice beast
   626 | D:4      | Slain by an ice beast

Action                   || total
-------------------------++-------
Melee: Unarmed           ||    41
  Use: Scroll            ||     2
       Potion            ||     1
 Stab: Sleeping          ||     9
  Eat: Chunk             ||     3
